 Dungeon Sprint DCSS version 0.28-a0-1236-gb25a51b929 (webtiles) character file.

Game seed: 10283863255484859418

33 rocky1 the Slasher (level 3, -3/29 HPs)
             Began as a Human Fighter on Dec 26, 2021.
             Was an Initiate of Ru.
             Killed from afar by a white imp (9 damage)
             ... with a puff of frost
             ... in the Dungeon (Sprint VII: "The Pits").
             The game lasted 00:01:25 (790 turns).

rocky1 the Slasher (Human Fighter)                   Turns: 790, Time: 00:01:26

Health: -3/29      AC:  6    Str: 18    XL:     3   Next: 47%
Magic:  3/3        EV:  9    Int:  8    God:    Ru [......]
Gold:   0          SH:  5    Dex: 12    Spells: 2/2 levels left

rFire   . . .      SeeInvis .   a - +0 long sword
rCold   . . .      Faith    .   c - +0 buckler
rNeg    . . .      Spirit   .   b - +0 scale mail
rPois   .          Reflect  .   (no helmet)
rElec   .          Harm     .   (no cloak)
rCorr   .          Rampage  .   (no gloves)
Will    .....      NoTele   +   (no boots)
Stlth   ..........              (no amulet)
HPRegen 0.09/turn               (no ring)
MPRegen 0.08/turn               (no ring)

@: no status effects
A: no striking features
a: Renounce Religion


You were in the Dungeon.
You worshipped Ru.
Ru was noncommittal.
You visited 1 branch

Inventory:

Hand Weapons
 a - a +0 long sword (weapon)
Armour
 b - a +0 scale mail (worn)
 c - a +0 buckler (worn)
Scrolls
 j - a scroll of blinking
 l - 5 scrolls of amnesia
 m - a scroll of summoning
Potions
 d - a potion of might
 f - a potion of heal wounds
 g - a potion of haste
 h - 4 potions of magic
 i - 3 potions of berserk rage
 k - 2 potions of invisibility


   Skills:
 - Level 3.0 Fighting
 + Level 5.7 Long Blades
 - Level 3.0 Armour
 - Level 4.3 Shields


You had 2 spell levels left.
You didn't know any spells.
Your spell library was empty.

Dungeon Overview and Level Annotations

Branches:
Dungeon (1/1)

Altars:
Ashenzari
Cheibriados
Dithmenos
Elyvilon
Fedhas
Gozag
Hepliaklqana
Kikubaaqudgha
Makhleb
Nemelex Xobeh
Okawaru
Qazlal
Ru
Sif Muna
Trog
Uskayaw
Vehumet
Wu Jian
Xom
Yredelemnul
Zin
The Shining One
Beogh
Jiyva
Lugonu


Message History

The white imp barely misses you.
The jackal barks!
You hit the white imp but do no damage.
The frilled lizard bites you but does no damage.
You block the white imp's attack.
You barely miss the white imp.
The frilled lizard bites you but does no damage.
The white imp hits you. The white imp freezes you.
You hit the white imp but do no damage.
The frilled lizard bites you but does no damage.
The white imp closely misses you.
You barely miss the white imp. The frilled lizard misses you.
The white imp gestures at you. The puff of frost hits you!
You hit the white imp.
The white imp is severely wounded.
The frilled lizard bites you but does no damage.
The white imp gestures at you. The puff of frost hits you!
You closely miss the white imp.
The white imp is severely wounded.
The frilled lizard barely misses you. The white imp gestures at you.
The puff of frost hits you but does no damage.
You hit the white imp but do no damage.
The white imp is severely wounded.
You block the frilled lizard's attack. The white imp gestures at you.
The puff of frost misses you. The frilled lizard closely misses you.
You completely miss the white imp.
The white imp is severely wounded.
The white imp gestures at you. The puff of frost hits you.
* * * LOW HITPOINT WARNING * * *
The frilled lizard closely misses you.
You barely miss the white imp.
The white imp is severely wounded.
The white imp gestures at you. The puff of frost hits you!
You die...

##########'##........
#.?(.')))'.##......#.
##########.##........
#...........'........
#+#####'#####......#.
#..#..# #........
#..'..# ####'####
#..#### #.......#
#.@# # #.......# #5l#
5# #.......#
##h#..#+###...<...#
#.h..l...##.......#
#........##.......#
###########.......#
#########


You could see a white imp, 2 jackals and a frilled lizard.

Vanquished Creatures
  An adder (D)
  2 river rats (D)
  A giant cockroach (D)
  A goblin (D)
  A jackal (D)
  A quokka (D)
  A quokka zombie (D)
8 creatures vanquished.

Notes
Turn   | Place    | Note
-------+----------+-------------------------------------------
     0 | D        | rocky1 the Human Fighter began the quest for the Orb.
     0 | D        | Reached XP level 1. HP: 18/18 MP: 1/1
    22 | D        | Found a bloodstained altar of Trog.
    22 | D        | Found a shimmering blue altar of Sif Muna.
    22 | D        | Found a viscous altar of Jiyva.
    22 | D        | Found a hazy altar of Hepliaklqana.
    22 | D        | Found an opulent altar of Gozag.
    23 | D        | Found a glowing golden altar of the Shining One.
    23 | D        | Found a glowing silver altar of Zin.
    23 | D        | Found a basalt altar of Yredelemnul.
    23 | D        | Found a shimmering altar of Xom.
    23 | D        | Found an ornate altar of the Wu Jian Council.
    23 | D        | Found a sacrificial altar of Ru.
    23 | D        | Found a stormy altar of Qazlal.
    23 | D        | Found an iron altar of Okawaru.
    23 | D        | Found a sparkling altar of Nemelex Xobeh.
    23 | D        | Found a burning altar of Makhleb.
    23 | D        | Found a blossoming altar of Fedhas.
    23 | D        | Found a white marble altar of Elyvilon.
    23 | D        | Found a shadowy altar of Dithmenos.
    23 | D        | Found a snail-covered altar of Cheibriados.
    25 | D        | Found a radiant altar of Vehumet.
    25 | D        | Found a corrupted altar of Lugonu.
    26 | D        | Found a hide-covered altar of Uskayaw.
    26 | D        | Found an ancient bone altar of Kikubaaqudgha.
    26 | D        | Found a broken altar of Ashenzari.
    43 | D        | Became a worshipper of Ru the Awakened
    93 | D        | Reached skill level 3 in Long Blades
    93 | D        | Reached XP level 2. HP: 3/24 MP: 2/2
   473 | D        | Reached skill level 4 in Long Blades
   473 | D        | Reached XP level 3. HP: 11/29 MP: 3/3
   479 | D        | Reached skill level 5 in Long Blades
   790 | D        | Killed from afar by a white imp

Illustrated notes

Levels and vault maps discovered:
D:        pitsprint [storerooms_1, entrance_room_1, metal_vault_4, armoury_3,
          mini_pit_1, grid_room_1, main_hall_1, silver_pit, the_coven_1,
          the_vestibule_1, steel_vault_1, golden_pit, hallway_of_sentries,
          crystal_vault_1, iron_vault_4, final_vault]

Skill      XL: |  1  2  3 |
---------------+----------+-----
Long Blades    | 3 4 5 |  5.7
Shields        | 4 |  4.3
Fighting       | |  3.0
Armour         | |  3.0

Action                   || total
-------------------------++-------
Melee: Long sword        ||    57
  Use: Potion            ||     1
Armor: Scale mail        ||    26
Dodge: Dodged            ||    27
Block: Buckler           ||    17

Table legend: (Time is in decaauts)
 A = Elapsed time spent in this place.
 B = Non-inter-level travel time spent in this place.
 C = Inter-level travel time spent in this place.
 D = Time resting spent in this place.
 E = Time spent auto-exploring this place.
 F = Levels seen in this place.
 G = Mean time per level.
                   A        B        C        D        E       F      G
               +--------+--------+--------+--------+--------+-----+--------+
         Total |    802 |    802 |      0 |    643 |      0 |   1 |  802.0 |
       Dungeon |    802 |    802 |      0 |    643 |      0 |   1 |  802.0 |
               +--------+--------+--------+--------+--------+-----+--------+

Top non-repeatable levels by time:
       D: 802 daAuts
